 Dungeon Crawl Stone Soup version 0.30.1-1-g62c8e00024 (webtiles) character file.

Game seed: 15793112101800229830

1577 Babbit the Covered (level 8, -10/69 HPs)
             Began as a Minotaur Fighter on July 16, 2023.
             Mangled by a two-headed ogre
             ... wielding a +0 giant spiked club
              (17 damage)
             ... on level 7 of the Dungeon.
             The game lasted 00:42:11 (4454 turns).

Babbit the Covered (Minotaur Fighter)               Turns: 4454, Time: 00:42:11

Health: -10/69     AC: 11    Str: 23    XL:     8   Next: 60%
Magic:  0/7        EV: 15    Int: 18    God:
Gold:   335        SH:  6    Dex: 10    Spells: 7/7 levels left

rFire   . . .        l - +12 rapier of Cijyol {heavy, rElec rF- rCorr Int+7}
rCold   . . .        c - +1 buckler
rNeg    . . .        b - +0 scale mail
rPois   +            (helmet restricted)
rElec   +            r - +2 cloak of Integrity {rPois rF+}
rCorr   +            (no gloves)
SInv    .            (no boots)
Will    .....        t - amulet of guardian spirit Stlth
                     g - +6 ring of intelligence
HPRegen 0.31/turn    w - +5 ring of evasion
MPRegen 0.10/turn

%: guardian spirit
@: no status effects
A: horns 2, retaliatory headbutt
a: no special abilities


You were on level 7 of the Dungeon.
You visited 2 branches of the dungeon, and saw 8 of its levels.

You collected 335 gold pieces.

Inventory:

Hand Weapons
 a - a +0 war axe
 l - the +12 rapier of Cijyol (weapon) {heavy, rElec rF- rCorr Int+7}
   (You found it on level 2 of the Dungeon)

   Int:       It affects your intelligence (+7).
   rF:        It makes you vulnerable to fire.
   rElec:     It insulates you from electricity.
   rCorr:     It protects you from acid and corrosion.
Missiles
 F - 5 javelins (quivered)
Armour
 b - a +0 scale mail (worn)
 c - a +1 buckler (worn)
 r - the +2 cloak of Integrity (worn) {rPois rF+}
   (You found it on level 3 of the Dungeon)

   rF:        It protects you from fire.
   rPois:     It protects you from poison.
Jewellery
 g - a +6 ring of intelligence (left hand)
 q - the amulet of Uzxem {Drain rElec Regen+ Dex+4}
   (You took it off an orc on level 3 of the Dungeon)

   [amulet of regeneration]

   Dex:       It affects your dexterity (+4).
   rElec:     It insulates you from electricity.
   Regen:     It increases your rate of health regeneration.
   Drain:     It drains your maximum health when unequipped.
 s - a ring of wizardry
 t - an amulet of guardian spirit (around neck)
 w - a +5 ring of evasion (right hand)
 G - a ring of magical power
Wands
 u - a wand of paralysis (9)
 y - a wand of flame (18)
Scrolls
 e - 3 scrolls of teleportation
 i - a scroll of identify
 n - 2 scrolls of poison {unknown}
 v - 2 scrolls of enchant armour
 B - a scroll of amnesia {unknown}
 D - 2 scrolls of immolation
 E - a scroll of blinking {unknown}
Potions
 d - 3 potions of might
 f - 3 potions of mutation {unknown}
 h - a potion of invisibility {unknown}
 j - a potion of brilliance {unknown}
 k - 3 potions of berserk rage
 m - a potion of haste {unknown}
 o - a potion of cancellation {unknown}
 p - 4 potions of curing
 x - a potion of resistance {unknown}
 z - 2 potions of magic {unknown}
 A - a potion of lignification {unknown}
 C - 2 potions of degeneration {unknown}


   Skills:
 + Level 5.5 Fighting
 + Level 6.3 Short Blades
 + Level 3.9 Axes
 + Level 7.7 Armour
 + Level 2.7 Dodging
 + Level 1.6 Stealth
 + Level 5.2 Shields
 + Level 2.1 Evocations


You had 7 spell levels left.
You didn't know any spells.
Your spell library contained the following spells:

 Spells                   Type           Power      Damage    Failure   Level
 Foxfire                  Conj/Fire      0%         2x1d4     52%         1
 Sandblast                Erth           0%         2d4       52%         1
 Sting                    Tmut/Pois      0%         1d3       52%         1
 Blink                    Tloc           0%         N/A       65%         2
 Lesser Beckoning         Tloc           0%         N/A       65%         2
 Momentum Strike          Conj/Tloc      0%         3d8       65%         2
 Passwall                 Tmut/Erth      0%         N/A       65%         2
 Poisonous Vapours        Pois/Air       0%         N/A       65%         2
 Stone Arrow              Conj/Erth      0%         3d7       87%         3
 Olgreb's Toxic Radiance  Pois           0%         N/A       99%         4
 Fireball                 Conj/Fire      0%         3d3       100%        5
 Plasma Beam              Fire/Air       0%         2x1d11    100%        6
 Starburst                Conj/Fire      0%         6d3       100%        6


Dungeon Overview and Level Annotations

Branches:
Dungeon (7/15)             Temple (1/1) D:4

Altars:
Ashenzari
Cheibriados
Dithmenos
Elyvilon
Fedhas
Gozag
Hepliaklqana
Kikubaaqudgha
Nemelex Xobeh
Ru
Trog
Uskayaw
Vehumet
Wu Jian
Xom
Yredelemnul
Zin


Innate Abilities, Weirdness & Mutations

You have a pair of horns on your head.
You reflexively headbutt those who attack you in melee.


Message History

You kill the iguana!
Throw: 6 javelins
Press: ? - help, Q - select action, (/) - cycle Shift-Dir - straight line, f - two-headed ogre
Aim: a two-headed ogre, wielding a +0 giant spiked club and a +0 giant club (73% to hit)
You throw a javelin.
The javelin pierces through the two-headed ogre.
The two-headed ogre is lightly wounded.
You block the two-headed ogre's attack.
The two-headed ogre hits you with a +0 giant club!
You barely miss the two-headed ogre.
The two-headed ogre is lightly wounded.
The two-headed ogre hits you with a +0 giant spiked club!
The two-headed ogre hits you with a +0 giant club!!
You puncture the two-headed ogre!
The two-headed ogre is moderately wounded.
You barely miss the two-headed ogre.
The two-headed ogre is moderately wounded.
The two-headed ogre hits you with a +0 giant spiked club.
The two-headed ogre barely misses you.
You completely miss the two-headed ogre.
You headbutt the two-headed ogre.
The two-headed ogre is moderately wounded.
The two-headed ogre closely misses you. You furiously retaliate!
You headbutt the two-headed ogre! The two-headed ogre closely misses you.
You barely miss the two-headed ogre.
The two-headed ogre is heavily wounded.
A killer bee comes into view.
The two-headed ogre closely misses you.
The two-headed ogre hits you but does no damage.
The killer bee moves out of view.
You puncture the two-headed ogre!
The two-headed ogre is severely wounded.
The two-headed ogre hits you with a +0 giant spiked club!!
* * * LOW HITPOINT WARNING * * *
The two-headed ogre barely misses you.
You puncture the two-headed ogre!
The two-headed ogre is severely wounded.
You block the two-headed ogre's attack.
The two-headed ogre hits you with a +0 giant club!!
You die...

... #.. ...#..
..#..### ......# .
##..... #####
#.####..##.###.#.##
#?.......#..##....#
>.................#
(.....O@....#.....#
............#....##
.##.............##
#..............##
.........[.......#
..<...............#
..................#
y..$......#.####.##
.....####....#


You could see a two-headed ogre and a killer bee (wandering).

Vanquished Creatures
  An orc warrior (D:6)
  2 sky beasts (D:6)
  2 ice beasts
  2 ogres (D:5)
  A centaur (D:5)
  A phantom (D:6)
  A bullfrog (D:6)
  A scorpion (D:4)
  4 hounds
  An orc priest (D:5)
  A gnoll bouda (D:6)
  3 jellies
  Jessica (D:2)
  4 orc wizards
  3 iguanas
  3 gnolls (D:6)
  8 adders
  A shadow imp (D:6)
  An ufetubus (D:5)
  A worm (D:3)
  11 orcs
  10 endoplasms
  2 giant cockroaches
  13 hobgoblins
  9 kobolds
  3 quokkas
  6 ball pythons
  A bat (D:1)
  3 frilled lizards
  10 goblins
  6 rats
116 creatures vanquished.

Notes
Turn   | Place    | Note
-------+----------+-------------------------------------------
     0 | D:1      | Babbit the Minotaur Fighter began the quest for the Orb.
     0 | D:1      | Reached XP level 1. HP: 19/19 MP: 0/0
   768 | D:1      | Reached XP level 2. HP: 27/27 MP: 1/1
  1256 | D:2      | Identified the +12 rapier of Cijyol {heavy, rElec rF- rCorr
                  | Int+7}
  1329 | D:2      | Noticed Jessica
  1336 | D:2      | Killed Jessica
  1337 | D:2      | Reached skill level 4 in Armour
  1337 | D:2      | Reached XP level 3. HP: 33/33 MP: 2/2
  1604 | D:2      | Reached skill level 1 in Short Blades
  1671 | D:2      | Reached XP level 4. HP: 38/40 MP: 3/3
  1960 | D:3      | Identified the amulet of Uzxem {Drain rElec Regen+ Dex+4}
  2044 | D:3      | Identified the +2 cloak of Integrity {rPois rF+}
  2285 | D:3      | Found a hide-covered altar of Uskayaw.
  2452 | D:4      | Reached XP level 5. HP: 46/46 MP: 4/4
  2452 | D:4      | Found a blossoming altar of Fedhas.
  2496 | D:4      | Found a staircase to the Ecumenical Temple.
  2513 | Temple   | Entered the Ecumenical Temple
  2513 | Temple   | Found a transporter.
  2513 | Temple   | Found a transporter.
  2515 | Temple   | Found a transporter.
  2515 | Temple   | Found a transporter.
  2604 | D:4      | Found an opulent altar of Gozag.
  2604 | D:4      | Found a sparkling altar of Nemelex Xobeh.
  2746 | D:4      | Reached skill level 1 in Stealth
  2991 | D:4      | Reached skill level 5 in Armour
  2991 | D:4      | Reached XP level 6. HP: 49/53 MP: 5/5
  3273 | D:5      | Entered Level 5 of the Dungeon
  3327 | D:5      | Found a radiant altar of Vehumet.
  3356 | D:5      | Noticed an ice beast
  3362 | D:5      | Killed an ice beast
  3363 | D:5      | Reached skill level 1 in Dodging
  3376 | D:5      | Reached skill level 6 in Armour
  3376 | D:5      | Reached XP level 7. HP: 60/60 MP: 6/6
  3560 | D:5      | Found an ancient bone altar of Kikubaaqudgha.
  3652 | D:5      | Reached skill level 5 in Shields
  3786 | D:6      | Reached skill level 1 in Evocations
  3790 | D:6      | Reached skill level 5 in Fighting
  3790 | D:6      | Reached skill level 5 in Short Blades
  3791 | D:6      | Reached XP level 8. HP: 61/68 MP: 5/7
  3818 | D:6      | Reached skill level 7 in Armour
  4443 | D:7      | Noticed a two-headed ogre
  4454 | D:7      | Mangled by a two-headed ogre

Illustrated notes

Levels and vault maps discovered:
D:1:      minmay_arrival_nine_rooms, layout_basic, serial_rivers,
          chequers_serial_rivers_room_a, chequers_serial_rivers_micro_b,
          chequers_serial_rivers_micro_a, chequers_serial_rivers_room_b
D:2:      layout_basic, st_stairs_1, uniq_jessica
D:3:      layout_basic, old_standard_altar
D:4:      layout_loops_corners, grunt_temple_overflow_opulence,
          mainiacjoe_overflow_cross_hatched, minmay_temple_entry_arrows
D:5:      layout_cave_pools, mainiacjoe_overflow_small_starburst,
          nicolae_kikubaaqudgha_miasma_corner
D:6:      layout_loops_ring
D:7:      layout_cave_pools, okawaru_humans, enter_bailey_4
Temple:   hellmonk_temple_divided_pantheon

Skill      XL: |  1  2  3  4  5  6  7  8 |
---------------+-------------------------+-----
Axes           | 3 |  3.9
Fighting       | 4 5 |  5.5
Armour         | 4 5 6 7 |  7.7
Shields        | 4 5 |  5.2
Short Blades   | 1 2 3 4 5 6 |  6.3
Stealth        | 1 |  1.6
Dodging        | 1 2 |  2.7
Evocations     | 1 2 |  2.1

Action                     |  1- 3 |  4- 6 |  7- 9 || total
---------------------------+-------+-------+-------++-------
  Melee: War axe           |    27 |       |       ||    27
         Rapier            |    27 |    82 |    65 ||   174
         Headbutt          |     4 |     6 |    12 ||    22
  Throw: Javelin           |       |       |     1 ||     1
  Evoke: Wand              |       |     8 |     8 ||    16
    Use: Scroll            |     2 |     1 |     2 ||     5
 Armour: Scale mail        |    24 |    35 |    22 ||    81
  Dodge: Dodged            |    15 |    41 |    50 ||   106
  Block: Buckler           |    12 |    19 |    13 ||    44
